[Event "Titled Tuesday Blitz April 18 Early 2023"]
[White "Tasev, Dejan"]
[Black "Jovic, Stanoje"]
[WhiteFideId "936618"]
[BlackFideId "905020"]
[WhiteElo "2244"]
[BlackElo "2236"]
[Result "1-0"]
[Round "08"]
[TimeControl "180+2"]
[Date "2023.04.18"]
[WhiteClock "0:00:41"]
[BlackClock "0:00:02"]

1. e4 c6 2. d4 d5 3. Nc3 dxe4 4. Nxe4 Nf6 5. Nxf6+ exf6 6. c3 Bd6 7. Bd3 O-O 8. Qc2 h5 9. Ne2 Qc7 10. h3 h4 11. O-O Re8 12. Bd2 Nd7 13. Rae1 Nf8 14. f4 g6 15. c4 c5 16. d5 Bd7 17. f5 g5 18. Nc3 Be5 19. Ne4 a6 20. Qd1 Nh7 21. b3 b5 22. Qh5 bxc4 23. bxc4 Rab8 24. Nxg5 Nxg5 25. Bxg5 Rb2 26. Bh6 Bd4+ 27. Kh1 Rxg2 28. Rxe8+ Bxe8 29. Bf4 Be5 30. Kxg2 Bxf4 31. Qg4+ Bg5 32. Re1 Bd7 33. Re2 Qa5 34. Be4 Qc3 35. Bf3 Qc1 36. Qe4 Kg7 37. Bh5 1-0


[Site "https://www.chess.com"]

[Event "Titled Tuesday Blitz April 18 Early 2023"]
[White "b_6"]
[Black "Yelisieiev, Yevhenii"]
[BlackFideId "14139642"]
[WhiteElo "2482"]
[BlackElo "2425"]
[Result "0-1"]
[Round "08"]
[TimeControl "180+2"]
[Date "2023.04.18"]
[WhiteClock "0:00:06"]
[BlackClock "0:00:20"]

1. c4 d6 2. Nc3 Nf6 3. d4 e5 4. dxe5 dxe5 5. Qxd8+ Kxd8 6. g3 Be6 7. Bg2 c6 8. b3 Nbd7 9. Nf3 Bb4 10. Bd2 h6 11. O-O Kc7 12. Rfc1 a5 13. a3 Be7 14. Ne1 Nc5 15. Rab1 Rhd8 16. Be3 Ng4 17. Nc2 a4 18. b4 Nb3 19. Rd1 Bxc4 20. h3 Nxe3 21. Nxe3 Be6 22. Ne4 Rxd1+ 23. Rxd1 Rd8 24. Rxd8 Kxd8 25. Kf1 Kc7 26. Nc3 b5 27. Ke1 Nd4 28. Kd2 f5 29. Ned1 c5 30. e3 Nb3+ 31. Kc2 cxb4 32. Nxb5+ Kb6 33. Bf1 Bd7 34. axb4 Bxb5 35. Bg2 e4 36. Nc3 Bxb4 37. Nd5+ Kc5 38. Ne7 a3 39. Nxf5 Bd3+ 40. Kd1 a2 0-1


[Site "https://www.chess.com"]

[Event "Titled Tuesday Blitz April 18 Early 2023"]
[White "SashaKuzhilniy"]
[Black "Manukian, Artak"]
[BlackFideId "13301373"]
[WhiteElo "2560"]
[BlackElo "2130"]
[Result "1-0"]
[Round "08"]
[TimeControl "180+2"]
[Date "2023.04.18"]
[WhiteClock "0:00:23"]
[BlackClock "0:00:03"]

1. b3 Nf6 2. Bb2 g6 3. Nf3 Bg7 4. g3 O-O 5. Bg2 c5 6. c4 Nc6 7. O-O d6 8. d4 cxd4 9. Nxd4 Bd7 10. Nc2 h5 11. Nc3 h4 12. Ne3 hxg3 13. hxg3 Ng4 14. Nxg4 Bxg4 15. Qd2 Qa5 16. Rfd1 Qh5 17. Rac1 Bh3 18. Nd5 Bxg2 19. Kxg2 Bxb2 20. Qxb2 Qe5 21. Qxe5 dxe5 22. b4 e6 23. Nf6+ Kg7 24. Nd7 Rfd8 25. a3 Nd4 26. Nxe5 Nxe2 27. Ra1 Nc3 28. Rxd8 Rxd8 29. Rc1 Ne4 30. Rc2 Kf6 31. Ng4+ Ke7 32. c5 Rd2 33. Rxd2 Nxd2 34. Ne3 Nb1 35. Nc4 f6 36. f4 Nc3 37. Na5 Nb5 38. a4 Nc3 39. Nxb7 Nxa4 40. Nd6 Kd7 41. Kf3 a5 42. bxa5 Nxc5 43. Ne4 Nxe4 44. Kxe4 Kc6 45. g4 Kb5 46. g5 fxg5 47. fxg5 Kxa5 48. Ke5 Kb6 49. Kxe6 Kc6 50. Kf6 1-0


[Site "https://www.chess.com"]

[Event "Titled Tuesday Blitz April 18 Early 2023"]
[White "Elgersma, Onno"]
[Black "Fernandez Siles, Luis"]
[WhiteFideId "1053531"]
[BlackFideId "2209420"]
[WhiteElo "2252"]
[BlackElo "2195"]
[Result "1-0"]
[Round "08"]
[TimeControl "180+2"]
[Date "2023.04.18"]
[WhiteClock "0:00:28"]
[BlackClock "0:00:01"]

1. Nf3 Nf6 2. b3 g6 3. Bb2 Bg7 4. e3 O-O 5. d4 d6 6. c4 Ne4 7. Nbd2 Nxd2 8. Qxd2 Nd7 9. Be2 f5 10. O-O Nf6 11. d5 c5 12. dxc6 bxc6 13. Rfd1 a5 14. c5 d5 15. Qc2 a4 16. Ne5 a3 17. Bd4 Qc7 18. b4 Ne4 19. f4 g5 20. Bf3 Be6 21. Rab1 g4 22. Bxe4 dxe4 23. b5 cxb5 24. Rxb5 Rfd8 25. Rdb1 Bd5 26. h3 g3 27. Qe2 Ra4 28. Qe1 Bxa2 29. Ra1 Bc4 30. Rb6 a2 31. Qxg3 e6 32. c6 Rxd4 33. Rb7 Rd1+ 34. Rxd1 a1=Q 35. Rxc7 Qxd1+ 36. Kh2 1-0


[Site "https://www.chess.com"]

[Event "Titled Tuesday Blitz April 18 Early 2023"]
[White "Ordekalog"]
[Black "Andreev, Konstantin"]
[BlackFideId "24239305"]
[WhiteElo "2514"]
[BlackElo "2106"]
[Result "0-1"]
[Round "08"]
[TimeControl "180+2"]
[Date "2023.04.18"]
[WhiteClock "0:00:01"]
[BlackClock "0:01:20"]

1. d4 Nf6 2. c4 e6 3. Nc3 Bb4 4. Bd2 O-O 5. Rc1 Re8 6. Nf3 b6 7. e3 Bb7 8. Bd3 Bf8 9. O-O d6 10. e4 e5 11. d5 c5 12. g3 g6 13. Nh4 Bg7 14. Qe1 Nbd7 15. f4 exf4 16. gxf4 a6 17. a4 Nxe4 18. Nxe4 f5 19. Nf3 fxe4 20. Bxe4 Nf6 21. Ng5 h6 22. Ne6 Rxe6 23. dxe6 Nxe4 24. f5 gxf5 25. Rxf5 Nxd2 26. Qxd2 Qh4 27. Qd3 Be4 28. Rh5 Qxh5 29. Qxe4 Rf8 30. h4 Qe5 31. Re1 Qxe4 32. Rxe4 Be5 33. Kg2 Re8 34. h5 Rxe6 35. Kf3 Kf7 36. b3 Kf6 37. Kg4 Bh2 0-1


[Site "https://www.chess.com"]

[Event "Titled Tuesday Blitz April 18 Early 2023"]
[White "micke12a"]
[Black "Degenbaev, Aziz"]
[BlackFideId "13802640"]
[WhiteElo "2347"]
[BlackElo "2152"]
[Result "1/2-1/2"]
[Round "08"]
[TimeControl "180+2"]
[Date "2023.04.18"]
[WhiteClock "0:00:03"]
[BlackClock "0:00:10"]

1. e4 c5 2. Nc3 d6 3. d4 cxd4 4. Qxd4 Nc6 5. Qd2 g6 6. b3 Bh6 7. f4 Nf6 8. Bb2 O-O 9. O-O-O e5 10. g3 Re8 11. Bg2 exf4 12. gxf4 Bg4 13. Re1 d5 14. h3 Bh5 15. Kb1 dxe4 16. Qf2 Qb6 17. Qg3 Nd4 18. Na4 Qd6 19. Qc3 Rad8 20. Nc5 Bg7 21. Nxb7 Nb5 22. Nxd6 Nxc3+ 23. Bxc3 Rxd6 24. Ne2 Nd5 25. Bxg7 Kxg7 26. Ng3 e3 27. f5 Nf4 28. Be4 Rd4 29. Rxe3 Nd5 30. Rd3 Rxd3 31. Bxd3 Bf3 32. Rf1 Bg2 33. Rg1 Bxh3 34. fxg6 hxg6 35. Kb2 Be6 36. Nf5+ Kf6 37. Nd6 Rd8 38. Ne4+ Ke7 39. Nc5 Nf4 40. Be4 Bd5 41. Bxd5 Rxd5 42. Re1+ Kf8 43. Ne4 g5 44. c4 Re5 45. Kc3 g4 46. Kd4 Re8 47. Rf1 Ne6+ 48. Kd5 Nc7+ 49. Kc6 Rxe4 50. Kxc7 g3 51. Rg1 Rg4 52. c5 f5 53. c6 f4 54. Kd6 Rg6+ 55. Kd7 Rg7+ 56. Kd6 Rg6+ 57. Kd5 Rg5+ 58. Ke4 Ke7 59. Kxf4 Rc5 60. Rxg3 Rxc6 61. Re3+ Kd6 62. Ke4 Kc5 63. Rc3+ Kb5 64. Rxc6 Kxc6 65. Kd4 Kb5 66. Kc3 a5 67. a3 Kc5 68. Kd3 Kd5 69. Ke3 Ke5 70. Kf3 Kd4 71. Ke2 Kc3 72. b4 axb4 73. axb4 Kxb4 1/2-1/2


[Site "https://www.chess.com"]

[Event "Titled Tuesday Blitz April 18 Early 2023"]
[White "Fiedorek, Michal"]
[Black "Smiechu"]
[WhiteFideId "1199528"]
[WhiteElo "2135"]
[BlackElo "2371"]
[Result "0-1"]
[Round "08"]
[TimeControl "180+2"]
[Date "2023.04.18"]
[WhiteClock "0:00:14"]
[BlackClock "0:00:15"]

1. d4 Nf6 2. Nf3 c5 3. d5 e6 4. c4 exd5 5. cxd5 d6 6. Nc3 g6 7. Bf4 Bg7 8. h3 O-O 9. e3 a6 10. a4 Re8 11. Be2 Nbd7 12. O-O Nh5 13. Bxd6 Qb6 14. Bh2 Qxb2 15. g4 Qxc3 16. Rc1 Qf6 17. gxh5 Qf5 18. hxg6 hxg6 19. Kg2 Ne5 20. Ng1 Qg5+ 21. Kh1 Qh6 22. Kg2 g5 23. Rxc5 Ng6 24. Bg3 Nh4+ 25. Kh2 f5 26. d6 Bd7 27. Qd5+ Kh8 28. Qxb7 Rad8 29. Rc7 f4 30. Rxd7 fxg3+ 31. fxg3 Be5 32. Rxd8 Rxd8 33. Qe7 Qxd6 34. Qxd6 Bxd6 35. Rd1 Nf5 36. Bxa6 Bxg3+ 37. Kg2 Rxd1 0-1


[Site "https://www.chess.com"]

[Event "Titled Tuesday Blitz April 18 Early 2023"]
[White "Prudnykova, Olga"]
[Black "Hajiyev, Kanan"]
[WhiteFideId "14121093"]
[BlackFideId "13404148"]
[WhiteElo "2113"]
[BlackElo "2103"]
[Result "0-1"]
[Round "08"]
[TimeControl "180+2"]
[Date "2023.04.18"]
[WhiteClock "0:00:07"]
[BlackClock "0:00:09"]

1. e4 c6 2. d4 d5 3. exd5 cxd5 4. c4 Nf6 5. Nc3 e6 6. Nf3 Bb4 7. cxd5 Nxd5 8. Bd2 O-O 9. Bd3 Nc6 10. O-O Be7 11. Qb1 Nf6 12. Be3 Nb4 13. Bc4 b6 14. Rd1 Bb7 15. Ne5 Rc8 16. a3 Nbd5 17. Bg5 Nxc3 18. bxc3 Nd5 19. Bxe7 Qxe7 20. Qd3 Nf4 21. Qg3 Rxc4 22. Qxf4 Rxc3 23. a4 Rfc8 24. a5 b5 25. a6 Bd5 26. h4 b4 27. h5 h6 28. Rab1 b3 29. Ng4 Qg5 30. Qxg5 hxg5 31. Ne3 Be4 32. Rb2 Bc2 33. Ra1 R8c6 34. Ra4 Bd3 35. Rb4 Bc2 36. d5 exd5 37. Nxd5 R3c4 38. Ne7+ Kh7 39. Nxc6 Rxc6 40. Kh2 Rxa6 41. Kg3 Kh6 42. Kg4 f5+ 43. Kf3 Kxh5 44. g3 Rd6 45. Ke3 Rb6 46. Ra4 a6 47. Ra5 g6 48. f3 Re6+ 49. Kd2 Kh6 50. Ra4 Rd6+ 51. Ke3 Rc6 52. Kd2 Rb6 53. Ke3 Re6+ 54. Kd2 Kg7 55. Ra5 Kf6 56. Ra4 Ke7 57. f4 gxf4 58. gxf4 Rd6+ 59. Ke3 Kd7 60. Rb4 Kc7 61. R4xb3 Bxb3 62. Rxb3 Rb6 63. Rc3+ Kb7 64. Rd3 a5 65. Ra3 Ka6 66. Kd4 Rc6 67. Kd5 Rb6 68. Ke5 Rb4 69. Rd3 a4 70. Rd6+ Rb6 71. Rd3 Ka5 72. Rd5+ Kb4 73. Rd4+ Ka5 74. Rd3 Kb4 75. Rd4+ Kb3 76. Rd3+ Kc4 77. Ra3 Kb4 78. Ra1 a3 79. Rb1+ Ka5 80. Ra1 Ka4 81. Kd4 Rb4+ 82. Ke5 Re4+ 83. Kf6 Rxf4 84. Kxg6 Rf2 85. Kg5 a2 86. Kh4 f4 87. Kg4 Kb3 88. Rd1 Kb2 0-1


[Site "https://www.chess.com"]

[Event "Titled Tuesday Blitz April 18 Early 2023"]
[White "hsd2016"]
[Black "Palczert, Matyas"]
[BlackFideId "784958"]
[WhiteElo "2199"]
[BlackElo "2224"]
[Result "0-1"]
[Round "08"]
[TimeControl "180+2"]
[Date "2023.04.18"]
[WhiteClock "0:00:01"]
[BlackClock "0:00:28"]

1. e4 c5 2. Nf3 Nf6 3. e5 Nd5 4. Bc4 e6 5. d4 cxd4 6. Nxd4 Nc6 7. Nxc6 dxc6 8. O-O Qc7 9. f4 b5 10. Bxd5 cxd5 11. Be3 Bb7 12. c3 Bc5 13. Qe2 O-O-O 14. Nd2 Rhg8 15. Nb3 Bxe3+ 16. Qxe3 Kb8 17. Nd4 Qb6 18. Rfe1 Rc8 19. a4 b4 20. a5 Qc5 21. cxb4 Qxb4 22. a6 Bc6 23. Rec1 Ba4 24. b3 Bd7 25. Rxc8+ Rxc8 26. h3 Rc3 27. Qd2 Rc4 28. Qxb4+ Rxb4 29. Rd1 Kc7 30. Kf2 Kb6 31. Ke3 Kxa6 32. Ra1+ Kb6 33. g4 a5 34. g5 g6 35. Rc1 a4 36. bxa4 Rxa4 37. Rb1+ Kc5 38. Rc1+ Rc4 39. Rb1 Rc3+ 40. Kd2 Kxd4 41. Rb7 Ba4 42. Rxf7 Rc2+ 43. Ke1 Ke3 44. Kf1 Bb5+ 45. Kg1 Kf3 46. f5 Kg3 0-1


[Site "https://www.chess.com"]

[Event "Titled Tuesday Blitz April 18 Early 2023"]
[White "Kyaw Lay Htaik"]
[Black "Weetik, Vjacheslav"]
[WhiteFideId "13002007"]
[BlackFideId "4153472"]
[WhiteElo "2261"]
[BlackElo "2469"]
[Result "1/2-1/2"]
[Round "08"]
[TimeControl "180+2"]
[Date "2023.04.18"]
[WhiteClock "0:00:23"]
[BlackClock "0:00:14"]

1. d4 Nf6 2. Nf3 e6 3. Bf4 d5 4. e3 Bd6 5. Bg5 c5 6. Nbd2 h6 7. Bxf6 Qxf6 8. c3 Nc6 9. Bd3 O-O 10. O-O e5 11. dxe5 Nxe5 12. Nxe5 Qxe5 13. Nf3 Qe7 14. Bc2 Be6 15. h3 Rfd8 16. Qd3 g6 17. Rfd1 Kg7 18. a4 Rac8 19. a5 a6 20. Qe2 Bb8 21. e4 Qf6 22. exd5 Rxd5 23. Rxd5 Bxd5 24. Rd1 Bc6 25. Qe3 Re8 26. Qxc5 Bxf3 27. gxf3 Qxf3 28. Qd4+ Be5 29. Qg4 Qf6 30. Rd7 h5 31. Qg2 Re7 32. Rxe7 Qxe7 33. Be4 Qd7 34. Bxb7 Qd1+ 35. Qf1 Qd2 36. Bxa6 Qxb2 37. Bc4 Bxc3 38. Qd3 Bd4 39. Qf3 Qa1+ 40. Kg2 f5 41. Qb7+ Kh6 42. Qf7 Qxa5 43. Qf8+ Bg7 44. Qf7 Qe5 45. Qd5 Qf4 46. Qd3 Be5 47. Qe3 Kg5 48. Qxf4+ Kxf4 49. Bf7 Kg5 50. h4+ Kf6 51. Be8 Bd4 52. f3 Bb6 53. Kh3 Ba5 54. Bc6 Be1 55. Bb7 Bf2 56. Bc6 Ke5 57. Bb7 Bc5 58. Bc6 Be7 59. Be8 Kf6 60. Bd7 Bd8 61. Be8 Kg7 62. Bd7 Kh6 63. Be8 Bc7 64. Bd7 Ba5 65. Bc8 Be1 66. Bd7 Kg7 67. Bc8 Kf6 68. Bd7 f4 69. Be8 Bc3 70. Bc6 Ba5 71. Be4 Bd8 72. Bc6 Kg7 73. Be8 Kh6 74. Bd7 g5 75. hxg5+ Kxg5 76. Bc6 h4 77. Be4 Be7 78. Bb7 Kf5 79. Bc6 Ke5 80. Bb7 Kd4 81. Be4 Ke3 82. Bb7 Bd8 83. Bc6 1/2-1/2


[Site "https://www.chess.com"]

[Event "Titled Tuesday Blitz April 18 Early 2023"]
[White "Topalov, Aleksandar"]
[Black "Skliarov, Viktor"]
[WhiteFideId "925659"]
[BlackFideId "14106736"]
[WhiteElo "2151"]
[BlackElo "2317"]
[Result "1/2-1/2"]
[Round "08"]
[TimeControl "180+2"]
[Date "2023.04.18"]
[WhiteClock "0:00:24"]
[BlackClock "0:00:17"]

1. b3 e5 2. Bb2 Nc6 3. c4 g6 4. Nc3 Bg7 5. g3 Nge7 6. Bg2 O-O 7. a3 a5 8. e3 d6 9. Nge2 Be6 10. Nd5 Qd7 11. O-O Nd8 12. Qc2 Nxd5 13. cxd5 Bh3 14. Rac1 Bxg2 15. Kxg2 c6 16. Nc3 f5 17. f4 Nf7 18. Na4 Ra6 19. Qd3 c5 20. Nc3 e4 21. Qb1 b5 22. a4 b4 23. Nb5 Nh6 24. Qa1 Rb6 25. Bxg7 Qxg7 26. Qxg7+ Kxg7 27. d3 exd3 28. Rfd1 Ng4 29. Rxd3 Re8 30. Re1 Re7 31. h3 Nf6 32. Rc1 h5 33. Kf3 Ne4 34. Rc2 Rb8 35. Rd1 Kf6 36. Rh1 Rbe8 37. Re2 Rc8 38. Rc2 Rce8 39. Re2 Rc8 40. Rc2 Rce8 1/2-1/2


[Site "https://www.chess.com"]

[Event "Titled Tuesday Blitz April 18 Early 2023"]
[White "Pein, Jonathan"]
[Black "Sreyas Payyappat"]
[WhiteFideId "417092"]
[BlackFideId "46674969"]
[WhiteElo "2151"]
[BlackElo "2083"]
[Result "0-1"]
[Round "08"]
[TimeControl "180+2"]
[Date "2023.04.18"]
[WhiteClock "0:00:08"]
[BlackClock "0:00:23"]

1. Nf3 Nf6 2. c4 c5 3. g3 Nc6 4. Bg2 g6 5. d4 cxd4 6. Nxd4 Bg7 7. O-O h5 8. h4 O-O 9. Nc3 Ng4 10. Nxc6 bxc6 11. Bg5 Rb8 12. Qd2 Ba6 13. b3 Qa5 14. Rac1 Rfe8 15. Rfd1 Qb6 16. e3 f6 17. Qxd7 fxg5 18. Bxc6 Ne5 19. Qe6+ Kh7 20. Bd5 Qxe6 21. Bxe6 gxh4 22. gxh4 Nf3+ 23. Kf1 Nxh4 24. Rd7 Bc8 25. Nd5 Bxd7 26. Bxd7 Rf8 27. Ke2 e5 28. c5 e4 29. c6 Rb5 30. Ne7 Re5 31. Nxg6 Nxg6 32. c7 Ne7 33. b4 Nc8 34. b5 Re7 35. Bc6 Be5 36. Bxe4+ Kh8 37. Rh1 Bxc7 38. Rxh5+ Kg7 39. Bd3 Ref7 40. f4 Re8 41. Kf3 Nb6 42. Rh7+ Kf8 43. Rh5 Rd8 44. Bg6 Rf6 45. Be4 Nc4 46. Rc5 Nd2+ 47. Ke2 Nxe4 48. Rxc7 Re6 49. Rxa7 Rd2+ 50. Kf3 Nc3 51. f5 Re5 52. Kf4 Rdd5 53. Ra8+ Kf7 54. Ra7+ Re7 55. Rxe7+ Kxe7 56. e4 Rd4 57. b6 Rxe4+ 58. Kg5 Rb4 59. f6+ Kf7 60. b7 0-1


[Site "https://www.chess.com"]

[Event "Titled Tuesday Blitz April 18 Early 2023"]
[White "Lenaerts, Lennert"]
[Black "Dixit, Nikhil"]
[WhiteFideId "211435"]
[BlackFideId "5059534"]
[WhiteElo "2334"]
[BlackElo "2207"]
[Result "0-1"]
[Round "08"]
[TimeControl "180+2"]
[Date "2023.04.18"]
[WhiteClock "0:02:31"]
[BlackClock "0:01:56"]

1. d4 Nf6 2. c4 g6 3. Nc3 Bg7 4. e4 d6 5. f3 O-O 6. Be3 Nbd7 7. Nge2 a6 8. Qd2 b5 9. cxb5 axb5 10. Nxb5 c6 11. Nbc3 e5 12. dxe5 Nxe5 13. Nd4 d5 14. exd5 Nxd5 15. Nxd5 Qxd5 16. Be2 Nc4 17. Bxc4 Qxc4 18. Qc3 Qxc3+ 19. bxc3 c5 20. Nb5 Bd7 21. Rb1 Rfe8 0-1


[Site "https://www.chess.com"]

[Event "Titled Tuesday Blitz April 18 Early 2023"]
[White "Fiorito, Francisco"]
[Black "Matveeva, Olga"]
[WhiteFideId "180165"]
[BlackFideId "24107018"]
[WhiteElo "2341"]
[BlackElo "2056"]
[Result "1-0"]
[Round "08"]
[TimeControl "180+2"]
[Date "2023.04.18"]
[WhiteClock "0:00:15"]
[BlackClock "0:00:03"]

1. d4 Nf6 2. Nc3 d5 3. Bf4 c6 4. e3 Bf5 5. f3 Nbd7 6. g4 Bg6 7. h4 h6 8. Bd3 Bxd3 9. Qxd3 e6 10. Nge2 Qa5 11. a3 Be7 12. Ng3 c5 13. Kf2 cxd4 14. exd4 Rc8 15. g5 Ng8 16. Rae1 Qa6 17. Qxa6 bxa6 18. g6 Bxa3 19. Nxd5 Rxc2+ 20. Kg1 Bxb2 21. Nc7+ Kf8 22. Nf5 fxg6 23. Nxe6+ Kf7 24. Nd6+ Kf6 25. Bg5+ hxg5 26. hxg5+ Ke7 27. Rxh8 Kxd6 28. Rxg8 Nb6 29. Rxg7 Nc4 30. Rxg6 Nd2 31. Nf4+ Kd7 32. Rg7+ Kc6 33. Re6+ Kb5 34. Rb7+ Ka5 35. Nd3 Bxd4+ 36. Kg2 Ne4+ 37. Kf1 Ng3+ 38. Ke1 Bc3+ 39. Kd1 Rd2+ 40. Kc1 Rxd3 41. g6 Rxf3 42. Kc2 Bd4 43. g7 Bxg7 44. Rxg7 Nf5 45. Rg5 Ka4 46. Rxa6+ Kb5 47. Rf6 Kc4 48. Rfxf5 1-0


[Site "https://www.chess.com"]

[Event "Titled Tuesday Blitz April 18 Early 2023"]
[White "Lach, Aleksandra"]
[Black "Al-Tarboush, Ward"]
[WhiteFideId "1134299"]
[BlackFideId "7601450"]
[WhiteElo "2111"]
[BlackElo "2265"]
[Result "1-0"]
[Round "08"]
[TimeControl "180+2"]
[Date "2023.04.18"]
[WhiteClock "0:00:05"]
[BlackClock "0:01:20"]

1. c4 Nf6 2. Nc3 c5 3. g3 Nc6 4. Bg2 e6 5. e3 Be7 6. Nge2 O-O 7. O-O d6 8. d4 cxd4 9. Nxd4 Bd7 10. Ndb5 Ne5 11. b3 d5 12. cxd5 exd5 13. Bb2 Bc6 14. Nd4 Qd7 15. h3 Rad8 16. f4 Ng6 17. Kh2 Ne4 18. Nxc6 Qxc6 19. Rc1 Qe6 20. Nb5 Nxg3 21. Kxg3 Qxe3+ 22. Qf3 Qb6 23. Nd4 Bf6 24. Rcd1 Nh4 25. Qf2 Rfe8 26. Kh2 a5 27. a4 Bxd4 28. Qxd4 Qxd4 29. Bxd4 Re2 30. Rf2 Rde8 31. Rd2 Rxd2 32. Rxd2 g6 33. Bf6 Nxg2 34. Kxg2 Re6 35. Be5 f6 36. Bd4 Re4 37. Kf3 Kf7 38. Rd3 Ke6 39. Bb6 g5 40. fxg5 fxg5 41. Bxa5 Rf4+ 42. Kg3 d4 43. Bd2 Re4 44. Bxg5 Kd5 45. Bf4 Re1 46. Kf2 Rb1 47. Bd2 Ke4 48. Rg3 Rb2 49. Ke2 h5 50. h4 b6 51. Rf3 Rb1 52. Rf4+ Kd5 53. Rf6 Rxb3 54. Rf5+ Ke4 55. Rxh5 Rh3 56. Rh6 Rh2+ 57. Kd1 Kd3 58. Be1 Ra2 59. Rc6 Rxa4 60. h5 Ra1+ 61. Rc1 Ra8 62. h6 Rh8 63. Rc6 b5 64. Bb4 Rg8 65. h7 Rg1+ 66. Be1 Rh1 67. Rc7 b4 68. Rb7 Ke3 69. Re7+ Kd3 70. Rb7 Ke3 71. Kc2 d3+ 72. Kb3 Ke2 73. Re7+ Kd1 74. Bxb4 Rh3 75. Rd7 Kc1 76. Rc7+ Kb1 77. Kc3 Kc1 78. Kd4+ Kd1 79. Rg7 d2 80. Rg1+ Kc2 81. Rg2 Rh4+ 82. Kc5 Rh5+ 83. Kc4 Rh4+ 84. Kb5 Rh5+ 85. Ka4 Rxh7 86. Rxd2+ Kc1 87. Kb3 Rh3+ 88. Bc3 Rh8 89. Rc2+ Kb1 90. Re2 Rb8+ 91. Bb4 Rc8 92. Re1+ Rc1 93. Re2 Rc8 94. Rd2 Rc7 95. Rh2 Rc8 96. Rg2 Rc7 97. Rg6 Rc8 98. Rd6 Rc7 99. Ba5 Rb7+ 100. Bb6 Kc1 101. Kc3 Rb8 102. Be3+ Kb1 103. Ra6 Rc8+ 104. Kd3 Rd8+ 105. Bd4 1-0


[Site "https://www.chess.com"]

[Event "Titled Tuesday Blitz April 18 Early 2023"]
[White "Zacurdajev, Dmitry"]
[Black "Gontcharov, Vladislav"]
[WhiteFideId "4196309"]
[BlackFideId "4123492"]
[WhiteElo "2189"]
[BlackElo "2420"]
[Result "1-0"]
[Round "08"]
[TimeControl "180+2"]
[Date "2023.04.18"]
[WhiteClock "0:00:06"]
[BlackClock "0:00:09"]

1. d4 Nf6 2. c4 c5 3. d5 e6 4. Nc3 exd5 5. cxd5 d6 6. Nf3 g6 7. Bf4 a6 8. a4 Bg7 9. h3 O-O 10. e3 Qe7 11. Be2 Nbd7 12. O-O Ne8 13. Nd2 b6 14. Nc4 Rb8 15. Bg3 Ne5 16. Qd2 Nxc4 17. Bxc4 Nc7 18. Qd3 f5 19. Rae1 Bxc3 20. bxc3 b5 21. axb5 axb5 22. Ba2 b4 23. f4 b3 24. Bb1 Ba6 25. c4 Rb4 26. Rc1 Ne8 27. Be1 Rb8 28. Bc3 Nf6 29. Bb2 Ne4 30. Qd1 Rb4 31. Bxe4 Qxe4 32. Qd2 Rxc4 33. Rxc4 Qxc4 34. Rc1 Qd3 35. Qa5 Qxe3+ 36. Kh1 Qe2 37. Qc3 Kf7 38. Re1 Qxe1+ 39. Qxe1 Bc8 40. Qc3 Ke8 41. Qxb3 Ke7 42. Qb6 Bd7 43. Qb3 Ra8 44. Qc3 Kd8 45. Qf6+ Kc7 46. Qe7 Ra2 47. Bf6 Ra8 48. Qxh7 c4 49. Qxg6 Re8 50. Qg7 Re3 51. Kg1 Re4 52. g3 Re3 53. Kf2 Rd3 54. h4 Rxd5 55. h5 Rd2+ 56. Ke1 Rh2 57. h6 Kc6 58. h7 Be6 59. h8=Q Rxh8 60. Qxh8 Kd5 61. Bc3 Ke4 62. Qd4+ Kf3 63. Qxd6 Bc8 64. Qc6+ 1-0


[Site "https://www.chess.com"]

[Event "Titled Tuesday Blitz April 18 Early 2023"]
[White "Saravana, Krishnan P."]
[Black "Davidson, Kevin"]
[WhiteFideId "5018382"]
[BlackFideId "2056810"]
[WhiteElo "2189"]
[BlackElo "2151"]
[Result "1-0"]
[Round "08"]
[TimeControl "180+2"]
[Date "2023.04.18"]
[WhiteClock "0:01:34"]
[BlackClock "0:00:01"]

1. e4 c5 2. Nf3 d6 3. d4 cxd4 4. Nxd4 Nf6 5. Nc3 a6 6. f3 e5 7. Nb3 Be6 8. Be3 Be7 9. Qd2 O-O 10. O-O-O Nbd7 11. g4 b5 12. g5 b4 13. Na4 Nh5 14. Kb1 a5 15. Bb5 Qc7 16. Rc1 Rfb8 17. c4 bxc3 18. Rxc3 Nc5 19. Nbxc5 dxc5 20. Bc4 Bxc4 21. Rxc4 Rb4 22. Rhc1 Rab8 23. Ka1 Qc6 24. Rxb4 Rxb4 25. Bxc5 Rxa4 26. Bxe7 Rd4 27. Rxc6 1-0


[Site "https://www.chess.com"]

[Event "Titled Tuesday Blitz April 18 Early 2023"]
[White "Koutsin, Sergey"]
[Black "Horak, Martin"]
[WhiteFideId "14101483"]
[BlackFideId "367095"]
[WhiteElo "2381"]
[BlackElo "2091"]
[Result "1-0"]
[Round "08"]
[TimeControl "180+2"]
[Date "2023.04.18"]
[WhiteClock "0:00:19"]
[BlackClock "0:00:02"]

1. d4 Nf6 2. c4 e6 3. Nf3 b6 4. a3 Bb7 5. Nc3 d5 6. Bg5 Be7 7. e3 O-O 8. Rc1 Nbd7 9. cxd5 exd5 10. Be2 a6 11. O-O h6 12. Bh4 Re8 13. b4 Bd6 14. Qb3 Qe7 15. Rc2 Rac8 16. Rfc1 g5 17. Bg3 Kg7 18. Nd2 h5 19. Bxd6 Qxd6 20. Bd3 Ng4 21. Nf1 Ndf6 22. Bf5 Rcd8 23. Ne2 Re7 24. a4 h4 25. h3 Nh6 26. Bd3 Bc8 27. Rc3 Bb7 28. Qc2 Rdd7 29. b5 a5 30. Bf5 Nxf5 31. Qxf5 Kh6 32. Nh2 Qe6 33. Qxe6 fxe6 34. R1c2 Ne4 35. Rd3 Nf6 36. Nc1 Rg7 37. Rdc3 Kh7 38. Nd3 Rde7 39. Ne5 Kg8 40. f3 Kf8 41. Kf2 Ke8 42. Nhg4 Nxg4+ 43. hxg4 Kd8 44. Rc1 Rh7 45. Rh1 Reg7 46. Rcc1 Bc8 47. Rh3 Re7 48. Nc6+ Ke8 49. Nxe7 Rxe7 50. g3 hxg3+ 51. Kxg3 e5 52. dxe5 Rxe5 53. Rxc7 1-0


[Site "https://www.chess.com"]

[Event "Titled Tuesday Blitz April 18 Early 2023"]
[White "Mika, Tomasz"]
[Black "Sowul, Bartosz"]
[WhiteFideId "1132970"]
[BlackFideId "1137590"]
[WhiteElo "2179"]
[BlackElo "2188"]
[Result "0-1"]
[Round "08"]
[TimeControl "180+2"]
[Date "2023.04.18"]
[WhiteClock "0:01:48"]
[BlackClock "0:02:16"]

1. Nf3 Nf6 2. c4 c5 3. Nc3 d5 4. cxd5 Nxd5 5. Nxd5 Qxd5 6. g3 g6 7. Bg2 Bg7 8. O-O Nc6 9. d3 O-O 10. Be3 Bxb2 11. Rb1 Bf6 12. Nd4 Qd6 13. Nxc6 bxc6 14. Qa4 Be6 15. Rfc1 Rab8 16. Rxb8 Rxb8 17. Bxc5 Qxc5 18. Rxc5 Rb1+ 19. Bf1 Bh3 0-1


[Site "https://www.chess.com"]

[Event "Titled Tuesday Blitz April 18 Early 2023"]
[White "Begunov, Konstantin"]
[Black "Ljukin, Sergei"]
[WhiteFideId "4118510"]
[BlackFideId "14102200"]
[WhiteElo "2087"]
[BlackElo "2312"]
[Result "0-1"]
[Round "08"]
[TimeControl "180+2"]
[Date "2023.04.18"]
[WhiteClock "0:00:03"]
[BlackClock "0:00:09"]

1. d4 d5 2. c4 c6 3. Nc3 Nf6 4. cxd5 cxd5 5. Bf4 Nc6 6. e3 Bf5 7. Bb5 Rc8 8. Qa4 a6 9. Bxc6+ Rxc6 10. Nf3 b5 11. Qb3 e6 12. Ne5 Rc8 13. O-O Bd6 14. Rfc1 O-O 15. Ne2 Nh5 16. a4 Nxf4 17. Nxf4 b4 18. Nfd3 a5 19. Rxc8 Qxc8 20. Rc1 Qb8 21. Nd7 Bxh2+ 22. Kh1 Qd6 23. Nxf8 Kxf8 24. Rc8+ Ke7 25. f4 e5 26. Kxh2 Bxc8 27. dxe5 Qc6 28. Qd1 Bf5 29. Nf2 g6 30. Qf3 h5 31. Kg3 Ke6 32. Nh3 Bxh3 33. Kxh3 Qxa4 34. Kh4 Qc6 35. Kg5 a4 36. Qh3+ Ke7 37. f5 gxf5 38. Qxh5 a3 39. bxa3 bxa3 40. Qe2 Qc4 41. Qd2 Qg4+ 42. Kh6 Qg6# 0-1


[Site "https://www.chess.com"]

[Event "Titled Tuesday Blitz April 18 Early 2023"]
[White "Petrova, Irina"]
[Black "Garv Gaur"]
[WhiteFideId "14124122"]
[BlackFideId "45030839"]
[WhiteElo "2084"]
[BlackElo "2068"]
[Result "1-0"]
[Round "08"]
[TimeControl "180+2"]
[Date "2023.04.18"]
[WhiteClock "0:00:08"]
[BlackClock "0:00:07"]

1. e4 g6 2. d4 Bg7 3. Nc3 d5 4. Nf3 dxe4 5. Nxe4 Nf6 6. Nxf6+ exf6 7. Bc4 O-O 8. O-O c6 9. c3 a5 10. a4 Na6 11. Re1 Nc7 12. Qb3 Nd5 13. h3 Ra7 14. Bxd5 cxd5 15. Bf4 Be6 16. Re2 Qd7 17. Qb6 Ra6 18. Qc7 Qxc7 19. Bxc7 Rc8 20. Bf4 Rb6 21. Ne1 Bf8 22. g4 h5 23. f3 Rc4 24. Nd3 Bd7 25. Kf2 Rxa4 26. Rxa4 Bxa4 27. Bc7 Rb5 28. gxh5 gxh5 29. Nf4 Bd1 30. Re8 Rxb2+ 31. Kg3 Kg7 32. Nxh5+ Kh6 33. Nxf6 Bg7 34. Nxd5 a4 35. Ra8 b5 36. Ra6+ Kh7 37. Ne3 Bc2 38. d5 Bxc3 39. d6 Bf6 40. d7 Be7 41. Nxc2 Rxc2 42. d8=Q Bxd8 43. Bxd8 Rc4 44. Be7 Kg7 45. Ra5 Rc7 46. Bb4 Rb7 47. h4 Kf6 48. Ra6+ Ke5 49. h5 f5 50. h6 Kd5 51. Bf8 Rh7 52. Bg7 Kc4 53. Kf4 b4 54. Rxa4 Kb5 55. Ra1 b3 56. Kxf5 Kc4 57. Kg6 Rxh6+ 58. Bxh6 Kd3 59. f4 Kc2 60. f5 b2 61. Rh1 Kb3 62. f6 Ka2 63. f7 b1=Q+ 64. Rxb1 Kxb1 65. f8=Q 1-0


[Site "https://www.chess.com"]